 Dungeon Crawl Stone Soup version 0.30-b1-2-g02819fbbbe (webtiles) character file.

Game seed: 16268493827913039368

147 sanka the Chopper (level 5, -10/46 HPs)
             Began as a Hill Orc Gladiator on May 18, 2023.
             Mangled by Crazy Yiuf
             ... wielding a +3 quarterstaff of chaos
              (16 damage)
             ... on level 2 of the Dungeon.
             The game lasted 00:02:09 (1389 turns).

sanka the Chopper (Hill Orc Gladiator)              Turns: 1389, Time: 00:02:09

Health: -10/46     AC: 13    Str: 19    XL:     5   Next: 29%
Magic:  5/5        EV:  8    Int:  8    God:
Gold:   103        SH:  0    Dex: 12    Spells: 4/4 levels left

rFire   . . .        a - +0 war axe
rCold   . . .        (no shield)
rNeg    . . .        h - +0 chain mail
rPois   .            y - +0 helmet
rElec   .            (no cloak)
rCorr   .            (no gloves)
SInv    .            (no boots)
Will    +....        (no amulet) Stlth
                     z - ring of willpower
HPRegen 0.27/turn    t - +4 ring of protection
MPRegen 0.09/turn

%: no passive effects
@: hasted, very quick
A: no striking features
a: no special abilities


You were on level 2 of the Dungeon.
You visited 1 branch of the dungeon, and saw 2 of its levels.

You collected 103 gold pieces.

Inventory:

Hand Weapons
 a - a +0 war axe (weapon)
Missiles
 d - 3 throwing nets (quivered) {=f}
 e - a javelin
Armour
 h - a +0 chain mail (worn)
 y - a +0 helmet (worn)
Jewellery
 t - a +4 ring of protection (right hand)
 z - a ring of willpower (left hand)
Scrolls
 g - a scroll of amnesia {unknown}
 i - a scroll of blinking {unknown}
 j - 2 scrolls of identify {unknown}
 k - a scroll of acquirement {unknown}
 m - a scroll of enchant weapon {unknown}
 n - a scroll of noise {unknown}
 o - a scroll of vulnerability {unknown}
 r - a scroll of teleportation {unknown}
Potions
 f - a potion of lignification {unknown}
 l - 3 potions of attraction {unknown}
 p - 2 potions of brilliance {unknown}
 q - a potion of mutation {unknown}
 u - 2 potions of heal wounds {unknown}
 v - a potion of haste {unknown}
 w - a potion of curing {unknown}
 x - a potion of berserk rage {unknown}


   Skills:
 + Level 4.1 Fighting
 * Level 6.7 Axes
 - Level 1.7 Throwing
 - Level 2.4 Dodging


You had 4 spell levels left.
You didn't know any spells.
Your spell library was empty.

Dungeon Overview and Level Annotations

Branches:
Dungeon (2/15)

Altars:
Ru

Annotations:
D:2 Crazy Yiuf


Message History

You start putting on your armour.
You continue putting on your +0 helmet. x5
You finish putting on your +0 helmet.
Unknown command.
Okay, then.
You drop a +0 leather armour.
You drop a +0 helmet.
You drop a +0 ring mail.
Unknown command.
Unknown command.
There is an open door here.
You see here the felid skeleton of Natasha.
You see here 5 stones.
There is an open door here.
Things that are here:
a +0 club; a +0 dagger Crazy Yiuf shouts!
Could not explore, unopened runed door.
You open the door. You barely miss Crazy Yiuf.
Crazy Yiuf hits you with a +3 quarterstaff of chaos.
You are confused.
You're too confused to move!
Crazy Yiuf hits you with a +3 quarterstaff of chaos.
You are electrocuted!
You're too confused to move!
Crazy Yiuf closely misses you.
You slash Crazy Yiuf!
Crazy Yiuf is severely wounded.
Crazy Yiuf hits you with a +3 quarterstaff of chaos!
* * * LOW HITPOINT WARNING * * *
You bump into the stone wall.
You feel less confused.
Crazy Yiuf hits you with a +3 quarterstaff of chaos.
* * * LOW HITPOINT WARNING * * *
You feel yourself speed up.
You closely miss Crazy Yiuf.
Crazy Yiuf is severely wounded.
Crazy Yiuf hits you with a +3 quarterstaff of chaos.
* * * LOW HITPOINT WARNING * * *
You are electrocuted!
You die...

#......<........##...#
#............##.##.#.#
#...........<.#......#
####
#..################..#
...####..# #..#
.........# #######.>#
..รท####..# ###
###.#..#.#.# ..##
#...#
#...##..#.......# ..#
#.###
#...g@####......# ..#
#...# #)..### ##.#...#
'## ##### ### #####.#
..## #.# #..# #.#
##.#### ######### #.#
#....# #..'....# ##.#
####.## ######....#
#..# #..# #.........##
#.##


You could see Crazy Yiuf.

Vanquished Creatures
  Natasha (thrice) (D:2)
  Robin (D:2)
  A gnoll (D:1)
  An adder (D:2)
  2 worms (D:2)
  2 ball pythons (D:1)
  2 endoplasms
  2 giant cockroaches
  10 goblins
  4 hobgoblins
  A quokka (D:1)
  4 bats
  3 frilled lizards
  2 kobolds (D:1)
  3 rats
41 creatures vanquished.

Notes
Turn   | Place    | Note
-------+----------+-------------------------------------------
     0 | D:1      | sanka the Hill Orc Gladiator began the quest for the Orb.
     0 | D:1      | Reached XP level 1. HP: 18/18 MP: 1/1
   212 | D:1      | Reached XP level 2. HP: 25/25 MP: 2/2
   292 | D:1      | Reached skill level 5 in Axes
   372 | D:1      | Reached XP level 3. HP: 31/31 MP: 3/3
   732 | D:2      | Found a sacrificial altar of Ru.
   739 | D:2      | Noticed Natasha
   749 | D:2      | Killed Natasha
   749 | D:2      | Noticed Natasha
   750 | D:2      | Reached XP level 4. HP: 31/38 MP: 4/4
   762 | D:2      | Killed Natasha
   763 | D:2      | Reached skill level 6 in Axes
   955 | D:2      | Noticed Natasha
   967 | D:2      | Killed Natasha
  1025 | D:2      | Found a runed translucent door.
  1026 | D:2      | Noticed Crazy Yiuf
  1074 | D:2      | Reached XP level 5. HP: 41/46 MP: 5/5
  1134 | D:2      | Noticed Robin
  1144 | D:2      | Killed Robin
  1389 | D:2      | Mangled by Crazy Yiuf

Illustrated notes

Levels and vault maps discovered:
D:1:      mrwooster_arrival_statue_3, layout_loops_ring
D:2:      layout_basic, basic_altar, uniq_robin, uniq_crazy_yiuf_cottage,
          uniq_natasha

Skill      XL: |  1  2  3  4 |
---------------+-------------+-----
Fighting       | 3 4 |  4.1
Axes           | 5 6 |  6.7
Throwing       | |  1.7
Dodging        | |  2.4

Action                     |  1- 3 |  4- 6 || total
---------------------------+-------+-------++-------
  Melee: War axe           |    69 |    49 ||   118
         Punch             |       |     1 ||     1
   Stab: Sleeping          |     1 |       ||     1
 Armour: Leather armour    |     7 |       ||     7
         Chain mail        |    36 |    35 ||    71
  Dodge: Dodged            |    31 |    23 ||    54
